 Dungeon Crawl Stone Soup version 0.27-a0-909-g0721f309d1 (webtiles) character file.

Game seed: 4004297032996356840

1409 DarkShadow the Chopper (level 8, 0/70 HPs)
             Began as a Minotaur Fighter on Apr 8, 2021.
             Killed from afar by an electric eel (14 damage)
             ... with a bolt of electricity
             ... on level 5 of the Dungeon.
             The game lasted 00:11:22 (4231 turns).

DarkShadow the Chopper (Minotaur Fighter)           Turns: 4231, Time: 00:11:23

Health: 0/70       AC: 11    Str: 23    XL:     8   Next: 42%
Magic:  6/6        EV:  5    Int:  5    God:
Gold:   245        SH: 19    Dex: 18    Spells: 7/7 levels left

rFire    . . .     SeeInvis .   a - +0 war axe (flame)
rCold    . . .     Faith    .   l - +2 tower shield
rNeg     . . .     Spirit   .   i - +0 chain mail
rPois    .         Reflect  .   (helmet restricted)
rElec    .         Harm     .   k - +0 cloak
rCorr    .         Rampage  .   (no gloves)
Will     .....                  (no boots)
Stlth    ..........             (no amulet)
HPRegen  0.21/turn              g - +6 ring of dexterity
MPRegen  0.10/turn              (no ring)

@: no status effects
A: horns 2, retaliatory headbutt, low mp 1, strong 1
a: no special abilities


You were on level 5 of the Dungeon.
You visited 1 branch of the dungeon, and saw 5 of its levels.

You collected 245 gold pieces.

Inventory:

Hand Weapons
 a - a +0 war axe of flaming (weapon)
Missiles
 o - a throwing net (quivered)
Armour
 b - a +0 scale mail
 c - a +0 kite shield
 i - a +0 chain mail (worn)
 k - a +0 cloak (worn)
 l - a +2 tower shield (worn)
Jewellery
 g - a +6 ring of dexterity (left hand)
 q - a ring of wizardry
Wands
 f - a wand of digging (12)
Scrolls
 r - 2 scrolls of fear
 s - a scroll of enchant armour
Potions
 d - 3 potions of might
 e - a potion of heal wounds
 h - a potion of attraction {unknown}
 j - 3 potions of flight
 m - a potion of invisibility
 n - 5 potions of curing
 p - a potion of mutation


   Skills:
 + Level 6.0 Fighting
 + Level 7.9 Axes
 + Level 5.7 Armour
 + Level 2.1 Dodging
 + Level 0.3 Stealth
 + Level 7.7 Shields


You had 7 spell levels left.
You didn't know any spells.
Your spell library contained the following spells:

 Spells                   Type           Power      Damage    Failure   Level
 Animate Skeleton         Necr           0%         N/A       100%        1
 Apportation              Tloc           0%         N/A       100%        1
 Corona                   Hex            0%         N/A       100%        1
 Summon Small Mammal      Summ           0%         N/A       100%        1


Dungeon Overview and Level Annotations

Branches:
Dungeon (5/15)
 Temple: D:4-7

Altars:


Innate Abilities, Weirdness & Mutations

You have a pair of horns on your head.
You reflexively headbutt those who attack you in melee.
Your magical capacity is low. (-10% MP)
Your muscles are strong. (Str +2)


Message History

The wraith is severely damaged.
You block the wraith's attack. The wraith hits you but does no damage.
You barely miss the wraith. Your headbutt misses the wraith.
The wraith is severely damaged.
You block the wraith's attack. x2
You slash the wraith! You burn the wraith.
You destroy the wraith!
Your Fighting skill increases to level 6!
You feel yourself speed up.
You start resting.
HP restored.
You enter the shallow water.
Moving in this stuff is going to be slow.
You see here a +0 short sword.
The electric eel shoots out a bolt of lightning at you!
The bolt of electricity hits the plant!
The plant begins to die.
The bolt of electricity hits the plant!
The plant begins to die.
The bolt of electricity hits you!
There is an open door here.
The electric eel shoots out a bolt of lightning at you!
The bolt of electricity hits the electric eel.
The electric eel completely resists.
The bolt of electricity hits the plant!
The bolt of electricity hits you.
The electric eel shoots out a bolt of lightning at you!
The bolt of electricity hits the plant! x2; The bolt of electricity hits you!
The electric eel shoots out a bolt of lightning at you!
The bolt of electricity hits the plant!
The bolt of electricity hits you!
The electric eel shoots out a bolt of lightning at you!
The bolt of electricity hits you!
The electric eel shoots out a bolt of lightning at you!
The bolt of electricity hits the plant!
The plant begins to die.
The bolt of electricity misses you.
The electric eel shoots out a bolt of lightning at you!
The bolt of electricity hits the plant!
The bolt of electricity hits you!
* * * LOW HITPOINT WARNING * * *
A nearby plant withers and dies.
The electric eel shoots out a bolt of lightning at you!
The bolt of electricity hits the electric eel.
The electric eel completely resists.
The bolt of electricity hits you!
You die...

#####.#.#≈≈.P.. #.# #..>..... #
#.#.#;≈.... #.# ###...... #
#.#.#≈≈)≈P. #≈## #...... #
###≈##≈≈(.. #≈≈# #.##### #
##≈##########)## #..###. #
##≈##≈.?≈..#..# #...#.. #
#≈#≈;.≈P..'#.# #.8.#)8 #
#.#;).P....#.# #...#.. #####
#.#≈≈≈;.@..#≈# ##..###. ....###
#.##≈)≈P..##≈# #..##### ......#
##≈########≈## #.......
..#.#.#####≈≈≈≈....#######.......
..........########## #.^.......#.
....#.####.....# #.##########
#####.# ##...## #.# # #####.#
#.>## #.# # ..<...# #.## #.# ##


You could see 3 electric eels.

Vanquished Creatures
  A wraith (D:5)
  A sky beast (D:5)
  The ghost of thenerdymusicguy the Chopper, an amateur MiBe of Trog (D:4)
  2 necrophages
  A centaur (D:5)
  2 phantoms (D:5)
  2 water moccasin skeletons (D:5)
  4 hounds
  2 jellies
  Crazy Yiuf (D:3)
  A bullfrog skeleton (D:4)
  A centaur skeleton (D:5)
  An orc priest (D:3)
  An orc wizard (D:3)
  4 hound skeletons
  A mummy (D:5)
  3 gnolls (D:4)
  4 adders
  2 howler monkey skeletons (D:5)
  2 white imps (D:5)
  An adder skeleton (D:3)
  A worm (D:5)
  A dart slug (D:1)
  11 orcs
  7 endoplasms
  2 giant cockroaches
  3 goblins
  5 hobgoblins
  11 jackals
  9 kobolds
  A quokka (D:1)
  6 ball pythons
  5 bats
  3 frilled lizards (D:2)
  A hobgoblin zombie (D:5)
  A kobold zombie (D:5)
  2 orc zombies (D:5)
  8 rats
115 creatures vanquished.

Vanquished Creatures (others)
  6 plants
  8 withered plants (D:1)
14 creatures vanquished.

Grand Total: 129 creatures vanquished

Notes
Turn   | Place    | Note
-------+----------+-------------------------------------------
     0 | D:1      | DarkShadow the Minotaur Fighter began the quest for the
                  | Orb.
     0 | D:1      | Reached XP level 1. HP: 19/19 MP: 0/0
   109 | D:1      | Reached XP level 2. HP: 21/26 MP: 1/1
   168 | D:1      | Found a faded altar of an unknown god.
   657 | D:1      | Reached XP level 3. HP: 33/33 MP: 2/2
  1129 | D:2      | Reached skill level 1 in Dodging
  1204 | D:2      | Reached XP level 4. HP: 40/40 MP: 3/3
  1699 | D:3      | Found a runed translucent door.
  1700 | D:3      | Noticed Crazy Yiuf
  1706 | D:3      | Killed Crazy Yiuf
  1707 | D:3      | Reached XP level 5. HP: 45/46 MP: 4/4
  1891 | D:3      | Reached skill level 5 in Shields
  2361 | D:4      | Noticed a necrophage
  2368 | D:4      | Killed a necrophage
  2369 | D:4      | Reached XP level 6. HP: 53/53 MP: 5/5
  2471 | D:4      | Reached skill level 5 in Axes
  2593 | D:4      | Identified the +6 mace of Gaerid {vamp, Drain +Rage rPois
                  | MP+9}
  2717 | D:4      | Found a transporter.
  2718 | D:4      | Found a transporter.
  2722 | D:4      | Noticed thenerdymusicguy's ghost (amateur MiBe)
  2737 | D:4      | Killed thenerdymusicguy's ghost
  2738 | D:4      | Reached skill level 5 in Armour
  2738 | D:4      | Reached XP level 7. HP: 51/60 MP: 6/6
  2934 | D:5      | Entered Level 5 of the Dungeon
  2942 | D:5      | Reached skill level 5 in Fighting
  3243 | D:5      | Gained mutation: Your magical capacity is low. (-10% MP)
                  | [potion of mutation]
  3243 | D:5      | Gained mutation: Your muscles are strong. (Str +2) [potion
                  | of mutation]
  3865 | D:5      | Reached XP level 8. HP: 70/70 MP: 6/6
  4231 | D:5      | Killed from afar by an electric eel

Illustrated notes

Levels and vault maps discovered:
D:1:      arrival_zaba_pyramid, layout_rooms,
          shapermc_ecumenical_altar_flowoftime
D:2:      layout_basic, grunt_decor_cap, minmay_misc_feat_chi
D:3:      layout_loops_ring, uniq_crazy_yiuf_cottage
D:4:      layout_cave_pools, gammafunk_ghost_arena
D:5:      cheibrodos_two_vegetables, layout_loops_corners,
          mrwooster_statue_mirror, minmay_mini_ossuary

Skill      XL: |  1  2  3  4  5  6  7  8 |
---------------+-------------------------+-----
Shields        | 4 5 6 7 |  7.7
Armour         | 4 5 |  5.7
Axes           | 3 4 5 7 |  7.9
Dodging        | 1 2 |  2.1
Fighting       | 4 5 6 |  6.0
Stealth        | |  0.3

Action                   |  1- 3 |  4- 6 |  7- 9 || total
-------------------------+-------+-------+-------++-------
Melee: War axe           |    92 |    79 |    84 ||   255
       Headbutt          |    17 |    19 |    21 ||    57
  Use: Scroll            |       |    11 |     5 ||    16
       Potion            |       |     1 |     1 ||     2
Armor: Scale mail        |     7 |       |       ||     7
       Chain mail        |    31 |    35 |    38 ||   104
Dodge: Dodged            |     9 |    11 |     6 ||    26
Block: Kite shield       |    16 |       |       ||    16
       Tower shield      |    66 |    85 |    94 ||   245

Table legend: (Time is in decaauts)
 A = Elapsed time spent in this place.
 B = Non-inter-level travel time spent in this place.
 C = Inter-level travel time spent in this place.
 D = Time resting spent in this place.
 E = Time spent auto-exploring this place.
 F = Levels seen in this place.
 G = Mean time per level.
                   A        B        C        D        E       F      G
               +--------+--------+--------+--------+--------+-----+--------+
         Total |   4411 |   4399 |     12 |    452 |   2604 |   5 |  882.2 |
       Dungeon |   4411 |   4399 |     12 |    452 |   2604 |   5 |  882.2 |
               +--------+--------+--------+--------+--------+-----+--------+

Top non-repeatable levels by time:
     D:5: 1358 daAuts
     D:3: 961 daAuts
     D:1: 767 daAuts
     D:2: 674 daAuts
     D:4: 649 daAuts
